 Dungeon Crawl Stone Soup version 0.28.0 (webtiles) character file.

Game seed: 2018826798310716570

1256 BeingJoeMalik the Spear-Bearer (level 8, 0/62 HPs)
             Began as a Merfolk Fighter on Feb 15, 2022.
             Was an Initiate of Okawaru.
             Slain by a warg (9 damage)
             ... on level 8 of the Dungeon.
             The game lasted 00:15:18 (6616 turns).

BeingJoeMalik the Spear-Bearer (Merfolk Fighter)    Turns: 6616, Time: 00:15:18

Health: 0/62       AC:  7    Str: 16    XL:     8   Next: 51%
Magic:  8/8        EV:  8    Int:  8    God:    Okawaru [......]
Gold:   229        SH:  6    Dex: 15    Spells: 7/7 levels left

rFire   + . .      SeeInvis .   g - +2 trident (protect)
rCold   + . .      Faith    +   c - +1 buckler
rNeg    + . .      Spirit   .   b - +0 scale mail
rPois   +          Reflect  .   m - +0 helmet
rElec   +          Harm     .   r - scarf {repulsion}
rCorr   +          Rampage  .   (no gloves)
Will    .....                   (no boots)
Stlth   ..........              p - amulet of faith
HPRegen 0.20/turn               e - ring of positive energy
MPRegen 0.11/turn               (no ring)

@: mighty, resistant, attractive, repel missiles
A: (nimble swimmer 2), mertail
a: Renounce Religion


You were on level 8 of the Dungeon.
You worshipped Okawaru.
Okawaru was noncommittal.
You visited 2 branches of the dungeon, and saw 9 of its levels.

You collected 229 gold pieces.

Inventory:

Hand Weapons
 a - a +1 trident
 g - a +2 trident of protection (weapon)
Missiles
 l - 12 poisoned darts (quivered)
Armour
 b - a +0 scale mail (worn)
 c - a +1 buckler (worn)
 m - a +0 helmet (worn)
 o - a +0 cloak
 r - a scarf of repulsion (worn)
Jewellery
 e - a ring of positive energy (left hand)
 p - an amulet of faith (around neck)
Wands
 i - a wand of mindburst (10)
 q - a wand of charming (7)


   Skills:
 + Level 5.2 Fighting
 + Level 13.0 Polearms
 - Level 2.1 Armour
 + Level 3.5 Shields


You had 7 spell levels left.
You didn't know any spells.
Your spell library contained the following spells:

 Spells                   Type           Power      Damage    Failure   Level
 Apportation              Tloc           0%         N/A       91%         1
 Pain                     Necr           0%         1d4       91%         1
 Vampiric Draining        Necr           0%         2d6       99%         3
 Alistair's Intoxication  Tmut/Pois      0%         N/A       100%        5
 Animate Skeleton         Necr           Unusable   N/A       N/A         1

Dungeon Overview and Level Annotations

Branches:
Dungeon (9/15)             Temple (1/1) D:5            Lair (0/6) D:9
    Orc: D:9-12

Altars:
Cheibriados
Dithmenos
Fedhas
Gozag
Kikubaaqudgha
Makhleb
Okawaru
Qazlal
Sif Muna
Trog
Vehumet
Wu Jian
Yredelemnul
Zin
The Shining One

Shops:
D:2 =(


Innate Abilities, Weirdness & Mutations

((You are very nimble when in or above water. (Stealth+, EV+, Speed+++)))
Your lower body shifts to a powerful aquatic tail in water.


Message History

The orc priest hits you but does no damage.
The warg bites you!
The orc priest hits you but does no damage.
A centaur comes into view.
The centaur wields a +0 shortbow.
The centaur shoots an arrow.
The arrow barely misses you. The warg bites you.
The centaur shoots an arrow.
The arrow hits you but does no damage.
The centaur shoots an arrow.
The arrow completely misses you.
You see here 27 bolts.
It was a potion of attraction.
You feel attractive to monsters. The warg bites you!
* * * LOW HITPOINT WARNING * * *
The warg closely misses you. The centaur is attracted toward you.
Unknown command.
It was a potion of resistance.
You feel protected. You block the warg's attack.
The centaur is attracted toward you. The orc priest is attracted toward you.
You feel better.
The centaur unwields a +0 shortbow.
The centaur hits you.
* * * LOW HITPOINT WARNING * * *
The centaur misses you. The warg barely misses you.
Unknown command.
You feel better. The centaur hits you.
* * * LOW HITPOINT WARNING * * *
The centaur barely misses you. The warg bites you!
* * * LOW HITPOINT WARNING * * *
The centaur barely misses you.
The centaur kicks you but does no damage.
The warg completely misses you. The orc priest is attracted toward you.
You feel better. The centaur hits you.
* * * LOW HITPOINT WARNING * * *
The centaur kicks you but does no damage.
You block the warg's attack.
Unknown command.
You feel very mighty all of a sudden. The centaur hits you.
* * * LOW HITPOINT WARNING * * *
The centaur closely misses you. The warg bites you!
You die...

...... #....#
###....#
##......#
###..##...#
.......ยง..#
##...$..##
.#....h##.#
.......c@#.###
..#..........#
###...>#..##
##...#.##
#######


You could see a warg and a centaur.

Vanquished Creatures
  Eustachio (D:4)
  Edmund (D:5)
  A necrophage (D:5)
  An ogre (D:5)
  Blork the orc (D:5)
  2 scorpions (D:4)
  2 water moccasin skeletons (D:5)
  A hound (D:4)
  A jelly (D:5)
  2 orc priests (D:5)
  6 orc wizards
  2 iguanas (D:4)
  A hound skeleton (D:5)
  3 adders
  A white imp (D:5)
  An adder skeleton (D:4)
  3 worms
  2 dart slugs
  25 orcs
  4 bats
  3 endoplasms
  5 giant cockroaches
  8 goblins
  3 hobgoblins
  9 jackals (D:1)
  A quokka (D:2)
  2 ball pythons
  A frilled lizard (D:2)
  9 kobolds
  27 rats
129 creatures vanquished.

Vanquished Creatures (others)
  An ogre (D:5)
  An orc wizard (D:5)
  7 plants
  5 toadstools (D:1)
14 creatures vanquished.

Grand Total: 143 creatures vanquished

Notes
Turn   | Place    | Note
-------+----------+-------------------------------------------
     0 | D:1      | BeingJoeMalik the Merfolk Fighter began the quest for the
                  | Orb.
     0 | D:1      | Reached XP level 1. HP: 18/18 MP: 1/1
   121 | D:1      | Found a faded altar of an unknown god.
   132 | D:1      | Prayed at the altar of an unknown god.
   132 | D:1      | Became a worshipper of Fedhas Madash
   132 | D:1      | Reached * piety under Fedhas
   226 | D:1      | Reached skill level 4 in Polearms
   226 | D:1      | Reached XP level 2. HP: 21/24 MP: 2/2
   731 | D:1      | Reached ** piety under Fedhas
   732 | D:1      | Reached skill level 5 in Polearms
   732 | D:1      | Reached XP level 3. HP: 27/29 MP: 3/3
  1058 | D:2      | Found Neepegeh's Antique Weapon Shop.
  1519 | D:2      | Reached *** piety under Fedhas
  1521 | D:2      | Found Gyjel's Jewellery Boutique.
  1956 | D:3      | Reached skill level 6 in Polearms
  2008 | D:3      | Reached XP level 4. HP: 35/35 MP: 4/4
  2862 | D:3      | Found a shadowy altar of Dithmenos.
  2862 | D:3      | Found a shimmering blue altar of Sif Muna.
  2937 | D:3      | Reached skill level 7 in Polearms
  3216 | D:4      | Reached XP level 5. HP: 36/41 MP: 5/5
  3348 | D:4      | Reached skill level 8 in Polearms
  3677 | D:4      | Reached XP level 6. HP: 37/47 MP: 6/6
  3903 | D:4      | Reached skill level 9 in Polearms
  3904 | D:4      | Reached **** piety under Fedhas
  4050 | D:5      | Entered Level 5 of the Dungeon
  4083 | D:5      | Reached skill level 10 in Polearms
  4083 | D:5      | Reached XP level 7. HP: 53/53 MP: 7/7
  4101 | D:5      | Noticed Blork the orc
  4112 | D:5      | Killed Blork the orc
  4167 | D:5      | Noticed Edmund
  4200 | D:5      | Killed Edmund
  4201 | D:5      | Reached skill level 11 in Polearms
  4635 | D:5      | Reached XP level 8. HP: 33/61 MP: 8/8
  4813 | D:5      | Reached skill level 12 in Polearms
  4982 | D:5      | Noticed Eustachio
  5261 | D:4      | Killed Eustachio
  5401 | D:5      | Reached skill level 5 in Fighting
  5459 | D:5      | Reached skill level 13 in Polearms
  5753 | D:5      | Found a staircase to the Ecumenical Temple.
  5760 | Temple   | Entered the Ecumenical Temple
  5801 | Temple   | Fell from the grace of Fedhas
  5801 | Temple   | Became a worshipper of Warmaster Okawaru
  6588 | D:6      | You fall into a shaft and drop 3 floors!
  6588 | D:9      | Found a staircase to the Lair.
  6616 | D:8      | Slain by a warg

Illustrated notes

Levels and vault maps discovered:
D:1:      ldierk_walled_garden, layout_basic, basic_ecumenical_altar,
          lemuel_flame_loot_1
D:2:      layout_basic, serial_shops, shop, shop, minmay_rat_hole
D:3:      layout_loops_ring, mainiacjoe_overflow_divided_tiny,
          lexackson_kobold_supper
D:4:      layout_loops_ring, glass_columns_a
D:5:      layout_cave_pools, minmay_temple_entry_statues_pillars,
          serial_column_ruins, column_ruins_hut_ruined, column_ruins_hut,
          column_ruins_columns_straight, column_ruins_grid_1,
          column_ruins_open_medium, column_ruins_open_tiny_water, uniq_edmund,
          uniq_eustachio, uniq_blork_the_orc
D:6:      layout_cave_pools, enter_ossuary_3, uniq_pikel
D:8:      layout_cave_pools, nicolae_uskayaw_dance_studio, minmay_crossroads,
          uniq_erica
D:9:      layout_rooms, nicolae_ru_great_annihilating_truth,
          minmay_overflow_temple_star_quad, erik_lair_orcish_takeover
Temple:   nicolae_temple_god_jail

Skill      XL: |  1  2  3  4  5  6  7  8 |
---------------+-------------------------+-----
Polearms       | 4 5 6 7 8 10 11 13 | 13.0
Fighting       | 4 5 |  5.2
Armour         | |  2.1
Shields        | |  3.5

Action                   |  1- 3 |  4- 6 |  7- 9 || total
-------------------------+-------+-------+-------++-------
Melee: Trident           |   159 |   153 |   198 ||   510
Throw: Dart              |       |       |    12 ||    12
Evoke: Wand              |       |       |     1 ||     1
  Use: Scroll            |       |    10 |       ||    10
       Potion            |       |       |     8 ||     8
Armor: Scale mail        |    49 |    45 |    96 ||   190
       Skin              |       |       |     1 ||     1
Dodge: Dodged            |    45 |    28 |    58 ||   131
Block: Buckler           |    19 |    18 |    27 ||    64
